 Dungeon Crawl Stone Soup version 0.29-a0-577-gafbf2c5d25 (webtiles) character file.

Game seed: 2835872465020484883

357 DocClef the Covert (level 6, -4/49 (53) HPs)
             Began as a Gnoll Delver on June 13, 2022.
             Was an Initiate of Okawaru.
             Killed by divine providence
             ... invoked by an orc priest
              (10 damage)
             ... on level 5 of the Dungeon.
             The game lasted 00:03:05 (1688 turns).

DocClef the Covert (Gnoll Delver)                   Turns: 1688, Time: 00:03:05

HP:   -4/49 (53)    AC:  3    Str: 12    XL:     6   Next: 64%
MP:   9/9           EV: 13    Int:  9    God:    Okawaru [......]
Gold: 56            SH:  0    Dex: 15    Spells: 9/9 levels left

rFire   . . .      SeeInvis .   a - +0 short sword
rCold   . . .      Faith    .   (no shield)
rNeg    . . .      Spirit   .   b - +0 leather armour
rPois   .          Reflect  .   (no helmet)
rElec   .          Harm     .   (no cloak)
rCorr   .          Rampage  .   (no gloves)
Will    .....                   (no boots)
Stlth   ++++......              (no amulet)
HPRegen 0.16/turn               (no ring)
MPRegen 0.11/turn               (no ring)

@: drained
A: fangs 1, strong nose, distributed training
a: Renounce Religion


You were on level 5 of the Dungeon.
You worshipped Okawaru.
Okawaru was noncommittal.
You visited 2 branches of the dungeon, and saw 3 of its levels.
You also visited: Ossuary.

You collected 56 gold pieces.

Inventory:

Hand Weapons
 a - a +0 short sword (weapon)
Armour
 b - a +0 leather armour (worn)
Wands
 g - a wand of digging (3)
 o - a wand of mindburst (17)
Scrolls
 e - a scroll of fear
 h - a scroll of amnesia {unknown}
 j - a scroll of noise {unknown}
 k - 2 scrolls of poison {unknown}
 l - a scroll of teleportation {unknown}
 n - a scroll of silence {unknown}
Potions
 c - 2 potions of curing {unknown}
 d - 2 potions of might {unknown}
 f - 2 potions of haste
 i - 2 potions of resistance {unknown}
 m - a potion of heal wounds {unknown}


   Skills:
 + Level 6.8 Fighting
 + Level 5.0 Short Blades
 + Level 2.0 Long Blades
 + Level 2.0 Axes
 + Level 2.0 Maces & Flails
 + Level 2.0 Polearms
 + Level 2.0 Staves
 + Level 2.0 Slings
 + Level 2.0 Bows
 + Level 2.0 Crossbows
 + Level 2.0 Throwing
 + Level 2.0 Armour
 + Level 5.0 Dodging
 + Level 9.8 Stealth
 + Level 2.0 Shields
 + Level 2.0 Unarmed Combat
 + Level 2.0 Spellcasting
 + Level 1.6 Conjurations
 + Level 1.6 Hexes
 + Level 1.6 Summonings
 + Level 1.6 Necromancy
 + Level 1.6 Translocations
 + Level 1.6 Transmutations
 + Level 1.6 Fire Magic
 + Level 1.6 Ice Magic
 + Level 1.6 Air Magic
 + Level 1.6 Earth Magic
 + Level 1.6 Poison Magic
 + Level 2.2 Invocations
 + Level 2.0 Evocations


You had 9 spell levels left.
You didn't know any spells.
Your spell library was empty.

Dungeon Overview and Level Annotations

Branches:
Dungeon (5/15)             Temple (1/1) D:4         Ossuary (visited)

Altars:
Ashenzari
Cheibriados
Elyvilon
Fedhas
Hepliaklqana
Kikubaaqudgha
Makhleb
Nemelex Xobeh
Okawaru
Qazlal
Trog
Vehumet
Wu Jian
Yredelemnul
Zin


Innate Abilities, Weirdness & Mutations

You have very sharp teeth.
Your uncanny sense of smell can sniff out nearby items.
Your experience applies equally to all skills.


Message History

The orc is heavily wounded.
The orc barely misses you. The orc priest barely misses you.
You closely miss the orc.
The orc is heavily wounded.
The orc hits you with a +0 whip. The orc priest closely misses you.
You hit the orc but do no damage.
The orc is heavily wounded.
You hit the orc but do no damage.
The orc is heavily wounded.
The orc misses you. The orc priest misses you.
You hit the orc.
You kill the orc!
Okawaru accepts your kill.
The orc priest hits you with a +1 whip of draining.
You feel drained.
The orc shouts!
You hit the orc priest.
The orc priest is lightly wounded.
You hear a shout!
The orc priest hits you with a +1 whip of draining.
You feel drained.
The orc priest mumbles some strange prayers to Beogh against you.
Beogh smites you!
You are too injured to fight recklessly!
You are too injured to fight recklessly!
You are too injured to fight recklessly!
You are too injured to fight recklessly!
The orc priest mumbles some strange prayers to Beogh against you.
Beogh smites you!
* * * LOW HITPOINT WARNING * * *
The orc priest attacks as you move away!
The orc priest hits you with a +1 whip of draining.
* * * LOW HITPOINT WARNING * * *
You feel drained.
* * * LOW HITPOINT WARNING * * *
The orc priest invokes the aid of Beogh against you.
You barely resist.
The orc priest mumbles some strange prayers to Beogh against you.
Beogh smites you!
You die...

###..##.....##...# #.# #.#
##..##...##..#.####.######.#
###...##.##.................#
#......###....o.).##.########
#.#.##..#..##.oo.....#
#.#.##....#####o######
##.#.......# #.# ##.####.####
#.# ...# #.# #@# ##.####.#
#.# #......# ##.#### ########
#.....# #..##.#
##..##.########
##.............#
#.#....####....#### ##.....#
#.......#


You could see 2 orc priests and 2 orcs.

Vanquished Creatures
  A centaur (D:5)
  A bullfrog (D:5)
  2 water moccasin zombies (Ossuary)
  A hound (D:5)
  3 mummies
  An ufetubus (D:5)
  5 adder zombies (Ossuary)
  2 orcs (D:5)
  4 gnoll zombies (Ossuary)
  7 hobgoblin zombies (Ossuary)
  A kobold zombie (Ossuary)
  3 orc zombies (Ossuary)
31 creatures vanquished.

Notes
Turn   | Place    | Note
-------+----------+-------------------------------------------
     0 | D:5      | Reached skill level 9 in Stealth
     0 | D:5      | DocClef the Gnoll Delver began the quest for the Orb.
     0 | D:5      | Reached XP level 1. HP: 23/23 MP: 1/1
    36 | D:5      | Noticed a centaur
    39 | D:5      | Killed a centaur
    40 | D:5      | Reached skill level 1 in Long Blades
    40 | D:5      | Reached skill level 1 in Axes
    40 | D:5      | Reached skill level 1 in Maces & Flails
    40 | D:5      | Reached skill level 1 in Polearms
    40 | D:5      | Reached skill level 1 in Staves
    40 | D:5      | Reached skill level 1 in Slings
    40 | D:5      | Reached skill level 1 in Bows
    40 | D:5      | Reached skill level 1 in Crossbows
    40 | D:5      | Reached skill level 1 in Throwing
    40 | D:5      | Reached skill level 1 in Armour
    40 | D:5      | Reached skill level 1 in Shields
    40 | D:5      | Reached skill level 1 in Unarmed Combat
    40 | D:5      | Reached skill level 1 in Spellcasting
    40 | D:5      | Reached skill level 1 in Invocations
    40 | D:5      | Reached skill level 1 in Evocations
    40 | D:5      | Reached XP level 2. HP: 29/29 MP: 1/3
    40 | D:5      | Reached XP level 3. HP: 35/35 MP: 1/4
    40 | D:5      | Reached XP level 4. HP: 41/41 MP: 1/5
    65 | D:5      | Noticed a bullfrog
    76 | D:5      | Killed a bullfrog
    77 | D:5      | Reached skill level 1 in Conjurations
    77 | D:5      | Reached skill level 1 in Hexes
    77 | D:5      | Reached skill level 1 in Summonings
    77 | D:5      | Reached skill level 1 in Necromancy
    77 | D:5      | Reached skill level 1 in Translocations
    77 | D:5      | Reached skill level 1 in Transmutations
    77 | D:5      | Reached skill level 1 in Fire Magic
    77 | D:5      | Reached skill level 1 in Ice Magic
    77 | D:5      | Reached skill level 1 in Air Magic
    77 | D:5      | Reached skill level 1 in Earth Magic
    77 | D:5      | Reached skill level 1 in Poison Magic
    77 | D:5      | Reached XP level 5. HP: 47/47 MP: 4/7
    86 | D:5      | Found a sand-covered staircase.
    97 | Ossuary  | Entered an ossuary
   238 | Ossuary  | Reached XP level 6. HP: 41/53 MP: 8/8
   603 | Ossuary  | Reached skill level 5 in Short Blades
   603 | Ossuary  | Reached skill level 5 in Dodging
   841 | D:4      | Found a staircase to the Ecumenical Temple.
   846 | Temple   | Entered the Ecumenical Temple
  1020 | Temple   | Became a worshipper of Warmaster Okawaru
  1688 | D:5      | Killed from afar by an orc priest

Illustrated notes

Levels and vault maps discovered:
D:4:      layout_cave_pools, minmay_temple_entry_from_below_a,
          minmay_goblin_kobold_house
D:5:      layout_loops_corners, marbit_many_paths, gup_ossuary_entry_pyramid,
          minivault_24, minmay_misc_feat_tiny, grunt_ministairs_1
Temple:   bh_familiar_temple

Skill      XL: |  1  2  3  4  5  6 |
---------------+-------------------+-----
Stealth        | |  9.8
Long Blades    | 1 2 |  2.0
Axes           | 1 2 |  2.0
Maces & Flails | 1 2 |  2.0
Polearms       | 1 2 |  2.0
Staves         | 1 2 |  2.0
Slings         | 1 2 |  2.0
Bows           | 1 2 |  2.0
Crossbows      | 1 2 |  2.0
Throwing       | 1 2 |  2.0
Armour         | 1 2 |  2.0
Shields        | 1 2 |  2.0
Unarmed Combat | 1 2 |  2.0
Spellcasting   | 1 2 |  2.0
Invocations    | 1 2 |  2.2
Evocations     | 1 2 |  2.0
Conjurations   | 1 |  1.6
Hexes          | 1 |  1.6
Summonings     | 1 |  1.6
Necromancy     | 1 |  1.6
Translocations | 1 |  1.6
Transmutations | 1 |  1.6
Fire Magic     | 1 |  1.6
Ice Magic      | 1 |  1.6
Air Magic      | 1 |  1.6
Earth Magic    | 1 |  1.6
Poison Magic   | 1 |  1.6
Short Blades   | 5 |  5.0
Dodging        | 5 |  5.0
Fighting       | |  6.8

Action                   |  1- 3 |  4- 6 || total
-------------------------+-------+-------++-------
Melee: Short sword       |     1 |   160 ||   161
       Bite              |       |    21 ||    21
       Punch             |       |     1 ||     1
  Use: Scroll            |     2 |       ||     2
 Stab: Sleeping          |     1 |    10 ||    11
Armor: Leather armour    |       |    24 ||    24
Dodge: Dodged            |       |   106 ||   106

Table legend: (Time is in decaauts)
 A = Elapsed time spent in this place.
 B = Non-inter-level travel time spent in this place.
 C = Inter-level travel time spent in this place.
 D = Time resting spent in this place.
 E = Time spent auto-exploring this place.
 F = Levels seen in this place.
 G = Mean time per level.
                   A        B        C        D        E       F      G
               +--------+--------+--------+--------+--------+-----+--------+
         Total |   1663 |   1567 |     96 |    498 |    697 |   4 |  415.8 |
       Dungeon |    834 |    780 |     54 |    205 |    351 |   2 |  417.0 |
        Temple |    203 |    161 |     42 |      0 |    158 |   1 |  203.0 |
       Ossuary |    625 |    625 |      0 |    293 |    188 |   1 |  625.0 |
               +--------+--------+--------+--------+--------+-----+--------+

Top non-repeatable levels by time:
     D:5: 806 daAuts
 Ossuary: 625 daAuts
  Temple: 203 daAuts
     D:4: 28 daAuts
